 Dungeon Crawl Stone Soup version 0.20.0-1-g1cb1d84 (webtiles) character file.

319 sighowe the Poker (level 6, 0/48 HPs)
             Began as a Draconian Wanderer on May 27, 2017.
             Slain by a worker ant (2 damage)
             ... on level 6 of the Dungeon.
             The game lasted 00:19:34 (3729 turns).

sighowe the Poker (Draconian Wanderer)              Turns: 3729, Time: 00:19:34

Health: 0/48       AC:  7    Str: 15 (16) XL:     6   Next: 21%
Magic:  0/6        EV: 17    Int: 17 (18) God:
Gold:   219        SH:  0    Dex: 13 (16) Spells: 5/5 levels left

rFire    . . .     SeeInvis .   d - +0 scythe
rCold    . . .     Gourm    .   (shield currently unavailable)
rNeg     . . .     Faith    .   (armour unavailable)
rPois    .         Spirit   +   (helmet restricted)
rElec    .         Reflect  .   l - scarf {Spirit}
rCorr    .         Harm     .   (no gloves)
MR       .....                  g - +0 pair of boots
Stlth    +++.......             (no amulet)
Regen    0.2/turn               q - +3 ring of intelligence
MPRegen  0.1/turn               p - ring "Ifferaur" {Dex+3 Slay+3}

@: agile, very slightly contaminated
A: unfitting armour, cold-blooded, AC +6
a: no special abilities


You were on level 6 of the Dungeon.
You were not hungry.

You visited 1 branch of the dungeon, and saw 6 of its levels.

You collected 219 gold pieces.

Inventory:

Hand Weapons
 c - a +1 spear
 d - a +0 scythe (weapon)
 e - a +0 dagger
 j - a +0 hand axe of chopping
 s - a +1 rapier of venom
 t - a +4 quarterstaff
Armour
 g - a +0 pair of boots (worn)
 k - a +0 cloak
 l - a scarf of spirit shield (worn)
Jewellery
 p - the ring "Ifferaur" (right hand) {Dex+3 Slay+3}
   (You found it on level 4 of the Dungeon)

   [ring of dexterity]

   It affects your dexterity (+3).
   It affects your accuracy and damage with ranged weapons and melee attacks
   (+3).
 q - a +3 ring of intelligence (left hand)
Wands
 h - a wand of polymorph (1/24)
Scrolls
 a - 2 scrolls of fear
 n - 2 scrolls of identify
Potions
 i - a potion of brilliance {unknown}
Comestibles
 f - a bread ration


   Skills:
 + Level 1.8 Fighting
 * Level 5.3 Polearms
 * Level 2.9 Throwing
 + Level 2.2 Dodging
 + Level 2.9 Stealth
 + Level 1.0 Unarmed Combat


You had 5 spell levels left.
You didn't know any spells.

Dungeon Overview and Level Annotations

Branches:
Dungeon (6/15)
 Temple: D:4-7

Altars:
Xom


Innate Abilities, Weirdness & Mutations

Your plain brown scales are hard. (AC +6)
You cannot fit into any form of body armour.
You are cold-blooded and may be slowed by cold attacks.


Message History

You closely miss the worker ant. The worker ant closely misses you.
The worker ant barely misses you.
You slash the worker ant!
The worker ant is heavily wounded.
The worker ant closely misses you. The worker ant misses you.
You closely miss the worker ant.
The worker ant is heavily wounded.
The worker ant misses you. x2
You hit the worker ant.
The worker ant is almost dead.
The worker ant bites you but does no damage. x2
You barely miss the worker ant.
You tail-slap the worker ant, but do no damage.
The worker ant is almost dead.
The worker ant misses you. The worker ant bites you.
* * * LOW HITPOINT WARNING * * *
You hit the worker ant.
The worker ant is almost dead.
The worker ant bites you.
You die...

### #.. #..###
#..... #....# #
#.#...a##.#####
#.....@<......#
###.#####.....#
..... .... ...
.. #


You could see a worker ant.

Vanquished Creatures
  Sigmund (D:2)
  An iguana (D:4)
  A hound skeleton (D:4)
  4 adders (D:2)
  2 oozes
  3 worms
  A dart slug (D:1)
  A leopard gecko (D:3)
  6 orcs
  3 giant cockroaches
  8 goblins
  7 hobgoblins
  6 jackals
  11 kobolds
  A quokka (D:4)
  2 ball pythons (D:3)
  4 bats
  6 frilled lizards
  A rat (D:1)
  A fungus (D:2)
70 creatures vanquished.

Notes
Turn   | Place    | Note
-------+----------+-------------------------------------------
     0 | D:1      | sighowe the Draconian Wanderer began the quest for the Orb.
     0 | D:1      | sighowe set off with: a scroll of fear, a scroll of blinking, a +0 spear, a scroll of teleportation, a +0 dagger, a bread ration
     0 | D:1      | Reached XP level 1. HP: 16/16 MP: 1/1
   244 | D:1      | Reached XP level 2. HP: 22/23 MP: 2/2
   461 | D:1      | Reached skill level 4 in Polearms
  1049 | D:2      | Reached XP level 3. HP: 28/28 MP: 3/3
  1244 | D:2      | Reached XP level 4. HP: 19/35 MP: 4/4
  1431 | D:2      | Noticed Sigmund
  1448 | D:2      | HP: 1/35 [Sigmund/magic dart (7)]
  1519 | D:2      | Killed Sigmund
  1519 | D:2      | Reached XP level 5. HP: 10/40 MP: 5/5
  2847 | D:3      | Reached skill level 5 in Polearms
  2847 | D:3      | Reached XP level 6. HP: 42/48 MP: 6/6
  3151 | D:3      | Found a faded altar of an unknown god.
  3602 | D:4      | Got a brightly glowing glass ring
  3611 | D:4      | Identified the ring "Ifferaur" {Dex+3 Slay+3} (You found it on level 4 of the Dungeon)
  3670 | D:5      | Entered Level 5 of the Dungeon
  3673 | D:5      | Found a shimmering altar of Xom.
  3701 | D:5      | HP: 2/48 [poisoned by a worker ant]
  3723 | D:6      | HP: 2/48 [worker ant (3)]
  3728 | D:6      | HP: 1/48 [worker ant (1)]
  3729 | D:6      | Slain by a worker ant

Skill      XL: |  1  2  3  4  5 |
---------------+----------------+-----
Polearms       | 4 5 |  5.3
Stealth        | 2 |  2.9
Throwing       | 2 |  2.9
Dodging        | 2 |  2.2
Fighting       | |  1.8
Unarmed Combat | |  1.0

Action                   |  1- 3 |  4- 6 || total
-------------------------+-------+-------++-------
Melee: Spear             |   113 |    14 ||   127
       Tailslap          |    10 |    13 ||    23
       Punch             |     1 |       ||     1
       Scythe            |       |   196 ||   196
Throw: Javelin           |    16 |     8 ||    24
Evoke: Wand              |       |     4 ||     4
  Use: Scroll            |     3 |     6 ||     9
       Potion            |     1 |     8 ||     9
 Stab: Sleeping          |     4 |     2 ||     6
  Eat: Fruit             |     1 |     1 ||     2
       Meat ration       |       |     1 ||     1
       Royal jelly       |       |     1 ||     1
       Bread ration      |       |     1 ||     1
Armor: Skin              |    21 |   111 ||   132
Dodge: Dodged            |    74 |   207 ||   281
